Map: Hardwire LE

Players

ModernMonkee

  • Race: Zerg Zerg
  • League: Grandmaster

PiLiPiLi - Winner!

  • Race: Protoss Protoss
  • League: Grandmaster

VOD

Have the link to the VOD?

Description

Time

  • Played on: March 12, 2022, 7:26 p.m.
  • Length: 9:53
Show
View Real Time Build Order
Export as new Build Order

ModernMonkee Zerg 

Build Orders: Hatch First 

Get SALT Encoding   

  12  0:00  Drone  
  13  0:13  Overlord  
  13  0:17  Drone  
  14  0:31  Drone x2  
  16  0:46  Hatchery  
  15  0:51  Drone  
  15  0:54  Drone  
  17  0:57  Drone  
  18  1:09  Extractor  
  17  1:13  Spawning Pool  
  17  1:17  Drone  
  17  1:19  Drone  
  18  1:28  Drone  
  19  1:42  Drone  
  20  2:00  Queen x2  
  24  2:04  Drone  
  24  2:05  Drone  
  26  2:09  Drone  
  26  2:14  Hatchery  
  26  2:22  Overlord  
  26  2:27  Metabolic Boost  
  26  2:28  Drone  
  27  2:31  Drone  
  28  2:40  Queen  
  28  2:43  Overlord  
  30  2:47  Overlord  
  30  3:02  Drone x5  
  35  3:07  Overlord  
  35  3:11  Drone x2  
  37  3:13  Drone  
  37  3:15  Drone  
  37  3:19  Drone  
  40  3:23  Lair  
  40  3:26  Drone  
  41  3:28  Drone  
  41  3:30  Drone  
  41  3:32  Drone  
  41  3:33  Drone  
  45  3:38  Roach Warren  
  44  3:43  Zergling x4  
  44  3:45  Zergling x2  
  47  3:50  Zergling x6  
  50  3:56  Zergling x8  
  50  4:02  Zergling x6  
  57  4:07  Overlord  
  57  4:11  Zergling x2  
  58  4:25  Overseer  
  58  4:28  Queen x2, Pneumatized Carapace  
  62  4:35  Drone x4  
  66  4:43  Overlord x3  
  66  4:44  Overlord x3  
  65  5:03  Zergling x26  
  65  5:06  Glial Reconstitution  
  80  5:14  Zergling x2, Roach x2  
  80  5:16  Queen  
  85  5:33  Zergling x8, Roach  
  86  5:38  Zergling x4, Roach  
  89  5:44  Overlord x6  
  89  5:48  Extractor x2  
  87  5:50  Drone x2  
  87  5:53  Drone  
  88  6:01  Overseer  
  88  6:03  Drone x5  
  93  6:09  Drone x5  
  98  6:15  Roach  
  99  6:22  Roach x2  
  103  6:27  Extractor  
  103  6:28  Roach, Extractor  
  103  6:33  Roach x2  
  103  6:35  Roach x3  
  113  6:43  Zergling x6, Roach x2  
  112  6:48  Roach  
  112  6:50  Roach  
  112  6:51  Zergling x2  
  112  6:52  Queen x3  
  113  6:58  Roach x3  
  111  7:05  Zergling x8, Roach x2  
  108  7:09  Zergling x4, Roach  
  108  7:15  Roach x2  
  109  7:18  Roach  
  111  7:25  Roach x2  
  111  7:28  Zergling x2, Roach x2  
  118  7:34  Roach x3  
  118  7:36  Zergling x6, Roach  
  123  7:42  Roach x2  
  127  7:47  Roach  
  127  7:51  Roach x2  
  114  7:59  Roach  
  114  8:00  Roach x6  
  117  8:05  Roach  
  117  8:06  Zergling x6, Roach  
  117  8:12  Roach x2  
  108  8:20  Roach  
  108  8:24  Roach x2  
  110  8:29  Roach x5  
  110  8:30  Zergling x2  
  121  8:40  Roach x4  
  127  8:47  Roach x3  
  131  8:51  Roach  
  133  9:00  Zergling x2, Roach x5  
  127  9:05  Roach x2  
  108  9:10  Zergling x2, Roach x2  
  108  9:15  Roach  
  108  9:16  Roach  
  99  9:19  Zergling x4  
  99  9:23  Zergling x8  
  95  9:28  Zergling x8  
  95  9:30  Roach  
  88  9:32  Roach  
Show
View Real Time Build Order
Export as new Build Order

PiLiPiLi Protoss - Winner!

Build Orders: 1 Gate Expand, Blink Stalkers 

Get SALT Encoding   

  12  0:00  Probe  
  13  0:12  Probe  
  14  0:19  Pylon  
  14  0:24  Probe  
  15  0:37  Probe (Chrono Boost)  
  15  0:39  Gateway  
  16  0:47  Assimilator, Probe (Chrono Boost)  
  17  0:52  Probe (Chrono Boost)  
  18  1:03  Probe  
  19  1:15  Probe  
  20  1:23  Nexus  
  20  1:33  Cybernetics Core  
  20  1:37  Probe  
  21  1:43  Assimilator  
  21  1:49  Probe  
  21  1:51  Pylon  
  22  2:01  Probe  
  22  2:07  Stalker (Chrono Boost)  
  23  2:11  Warp Gate  
  23  2:13  Probe  
  26  2:23  Twilight Council  
  26  2:27  Probe  
  27  2:30  Adept  
  27  2:36  Probe  
  30  2:39  Probe  
  31  2:48  Probe  
  31  2:50  Robotics Facility  
  32  2:51  Probe  
  33  3:00  Probe  
  33  3:04  Probe, Blink (Chrono Boost)  
  35  3:07  Gateway  
  35  3:12  Probe  
  36  3:16  Probe  
  37  3:24  Probe  
  37  3:26  Gateway  
  38  3:28  Probe  
  38  3:31  Gateway  
  39  3:38  Probe  
  39  3:41  Warp Prism (Chrono Boost)  
  40  3:42  Probe  
  43  3:54  Gateway  
  43  3:58  Gateway  
  43  4:00  Gateway  
  43  4:05  Assimilator, Probe  
  44  4:10  Observer  
  45  4:18  Probe  
  45  4:22  Pylon  
  46  4:24  Pylon  
  46  4:26  Pylon  
  46  4:40  Probe x2  
  46  4:43  Stalker x2  
  46  4:44  Stalker x2  
  56  4:52  Stalker  
  58  4:53  Stalker  
  58  4:57  Stalker  
  62  5:15  Pylon, Stalker x4  
  62  5:16  Pylon  
  70  5:40  Stalker x5  
  68  5:43  Assimilator, Stalker  
  71  5:50  Pylon, Probe x2  
  72  6:02  Probe  
  72  6:03  Stalker x3  
  79  6:20  Stalker x3  
  79  6:23  Stalker  
  87  6:31  Stalker  
  87  6:32  Stalker  
  91  6:37  Pylon  
  91  6:38  Pylon  
  91  6:40  Pylon  
  83  7:01  Stalker x5  
  79  7:06  Stalker  
  79  7:16  Stalker  
  81  7:22  Stalker  
  81  7:23  Stalker x2  
  83  7:38  Stalker x4  
  83  7:39  Zealot x3  
  78  8:08  Stalker x6  
  78  8:09  Zealot  
  86  8:30  Stalker  
  86  8:31  Stalker  
  86  8:32  Stalker x3  
  86  8:33  Zealot, Stalker  
  100  8:47  Pylon  
  100  9:00  Stalker x5  
  102  9:05  Stalker  
  92  9:17  Stalker  
  94  9:27  Stalker  
  94  9:28  Stalker x3  
  100  9:41  Stalker  
  100  9:42  Stalker x2  
Tags
 
Add a new tag
Caveats
  • Supply blocks, unpowered buildings, or Contaminate may cause inaccurate times.
  • Supply counts are checked every 10 seconds.